 Dungeon Crawl Stone Soup version 0.28-a0-2-g643f2454ad (webtiles) character file.

Game seed: 622361896633861960

1684 Sin92 the Skirmisher (level 8, -2/73 HPs)
             Began as a Minotaur Fighter on July 22, 2021.
             Slain by a gnoll sergeant (8 damage)
             ... on level 6 of the Dungeon.
             The game lasted 00:07:26 (6923 turns).

Sin92 the Skirmisher (Minotaur Fighter)             Turns: 6923, Time: 00:07:26

Health: -2/73      AC: 12    Str: 30    XL:     8   Next: 71%
Magic:  7/7        EV:  8    Int:  5    God:
Gold:   284        SH: 12    Dex:  9    Spells: 7/7 levels left

rFire   . . .      SeeInvis .   a - +0 war axe
rCold   . . .      Faith    .   c - +1 kite shield
rNeg    . . .      Spirit   .   j - +1 chain mail
rPois   .          Reflect  .   (helmet restricted)
rElec   .          Harm     .   i - +0 cloak
rCorr   .          Rampage  .   (no gloves)
Will    .....                   (no boots)
Stlth   ..........              (no amulet)
HPRegen 0.22/turn               e - +6 ring of strength
MPRegen 0.10/turn               (no ring)

@: no status effects
A: horns 2, retaliatory headbutt
a: no special abilities


You were on level 6 of the Dungeon.
You visited 1 branch of the dungeon, and saw 6 of its levels.

You collected 284 gold pieces.

Inventory:

Hand Weapons
 a - a +0 war axe (weapon)
 h - a +1 eveningstar
 k - a +3 spear
 o - a +2 mace of protection
Missiles
 l - 8 atropa-tipped darts (quivered)
 n - a throwing net
Armour
 b - a +0 scale mail
 c - a +1 kite shield (worn)
 i - a +0 cloak (worn)
 j - a +1 chain mail (worn)
Jewellery
 e - a +6 ring of strength (left hand)
Scrolls
 g - 4 scrolls of identify
 p - a scroll of teleportation {unknown}
 q - a scroll of fear {unknown}
Potions
 d - a potion of might
 f - 3 potions of brilliance
 m - a potion of ambrosia


   Skills:
 + Level 7.0 Fighting
 + Level 6.5 Axes
 + Level 6.9 Armour
 + Level 5.2 Dodging
 + Level 7.0 Shields


You had 7 spell levels left.
You didn't know any spells.
Your spell library contained the following spells:

 Spells                   Type           Power      Damage    Failure   Level
 Conjure Flame            Conj/Fire      0%         6-21      100%        3
 Ignite Poison            Fire/Tmut/Pois 0%         N/A       100%        3
 Ozocubu's Armour         Ice            0%         N/A       100%        3
 Sticky Flame             Conj/Fire      0%         2d3       100%        4
 Ozocubu's Refrigeration  Ice            0%         4d5       100%        7


Dungeon Overview and Level Annotations

Branches:
Dungeon (6/15)
 Temple: D:4-7

Altars:
Ashenzari
Vehumet
Xom
Beogh

Annotations:
D:5 3 runed translucent doors, mdk's ghost, novice DsIE


Innate Abilities, Weirdness & Mutations

You have a pair of horns on your head.
You reflexively headbutt those who attack you in melee.


Message History

The gnoll hits you from afar with a +0 halberd.
* * * LOW HITPOINT WARNING * * *
The gnoll sergeant hits you but does no damage.
Unknown command.
You slash the gnoll!
You kill the gnoll!
You barely miss the gnoll sergeant. The gnoll barely misses you.
The gnoll completely misses you.
The gnoll sergeant hits you with a +0 spear.
* * * LOW HITPOINT WARNING * * *
You block the gnoll's attack.
Your Shields skill increases to level 7!
The gnoll sergeant hits you from afar with a +0 spear.
* * * LOW HITPOINT WARNING * * *
You are confused.
You feel invigorated. The gnoll closely misses you.
The gnoll sergeant hits you from afar with a +0 spear.
* * * LOW HITPOINT WARNING * * *
You bump into the rock wall.
The gnoll hits you from afar with a +0 halberd.
* * * LOW HITPOINT WARNING * * *
The gnoll sergeant hits you from afar with a +0 spear.
* * * LOW HITPOINT WARNING * * *
You bump into the rock wall.
You feel less invigorated.
You feel less confused. You block the gnoll's attack.
The gnoll sergeant hits you from afar with a +0 spear.
* * * LOW HITPOINT WARNING * * *
You block the gnoll's attack. The gnoll sergeant barely misses you.
You slash the gnoll!
You kill the gnoll!
You hit the gnoll sergeant.
The gnoll sergeant hits you with a +0 spear.
* * * LOW HITPOINT WARNING * * *
The gnoll sergeant hits you but does no damage.
The gnoll completely misses you.
You slash the gnoll sergeant!
The gnoll sergeant is almost dead.
The gnoll sergeant hits you with a +0 spear!
You die...

#.[.....##≈≈≈≈..(.
#.......##.≈≈≈≈≈#.
#......###.≈≈≈≈.#.#
.).
#.....####≈≈.≈≈≈..
### .....##.##
#...≈≈≈..# .##. #.#
##...≈≈≈≈## ...
#.###.)≈)≈≈≈≈..
#...#..#gg#≈≈.≈≈≈##
#......@).#.≈≈≈≈.#
......)......≈≈≈≈≈≈#
......########.≈≈≈..#
###.## ≈≈≈≈≈.# #.
≈≈≈≈..# . .≈....# #
≈≈..### #≈#.#


You could see a gnoll sergeant and a gnoll.

Vanquished Creatures
  Prince Ribbit (D:6)
  A hornet zombie (D:5)
  An ogre (D:5)
  A centaur (D:6)
  A kobold brigand (D:4)
  2 howler monkeys (D:4)
  3 bullfrog zombies (D:5)
  2 centaur skeletons
  3 hounds
  2 jellies
  2 gnoll shamans (D:4)
  An orc priest (D:4)
  Crazy Yiuf (D:2)
  An iguana (D:5)
  Natasha (thrice) (D:2)
  5 orc wizards
  2 hound skeletons
  8 adders
  20 gnolls
  An adder skeleton (D:4)
  A dart slug (D:1)
  28 orcs
  2 ball pythons
  9 endoplasms
  8 giant cockroaches
  9 goblins
  5 hobgoblins (D:1)
  17 jackals
  5 kobolds
  5 bats
  3 frilled lizards
  A quokka skeleton (D:4)
  3 rats
157 creatures vanquished.

Vanquished Creatures (collateral kills)
  A gnoll (D:4)
1 creature vanquished.

Vanquished Creatures (others)
  2 gnolls (D:4)
  4 plants
6 creatures vanquished.

Grand Total: 164 creatures vanquished

Notes
Turn   | Place    | Note
-------+----------+-------------------------------------------
     0 | D:1      | Sin92 the Minotaur Fighter began the quest for the Orb.
     0 | D:1      | Reached XP level 1. HP: 19/19 MP: 0/0
   199 | D:1      | Reached XP level 2. HP: 19/27 MP: 1/1
   775 | D:1      | Reached skill level 1 in Dodging
   803 | D:1      | Reached XP level 3. HP: 26/33 MP: 2/2
   934 | D:1      | Found a faded altar of an unknown god.
  1409 | D:2      | Noticed Natasha
  1416 | D:2      | Killed Natasha
  1417 | D:2      | Reached XP level 4. HP: 38/40 MP: 3/3
  1648 | D:2      | Noticed Natasha
  1658 | D:2      | Killed Natasha
  1806 | D:2      | Noticed Natasha
  1821 | D:2      | Killed Natasha
  2175 | D:2      | Reached XP level 5. HP: 47/47 MP: 4/4
  2344 | D:2      | Found a runed translucent door.
  2345 | D:2      | Noticed Crazy Yiuf
  2453 | D:2      | Killed Crazy Yiuf
  3479 | D:3      | Found a radiant altar of Vehumet.
  3849 | D:4      | Reached XP level 6. HP: 54/55 MP: 5/5
  4056 | D:4      | Reached skill level 5 in Fighting
  4079 | D:4      | Found a broken altar of Ashenzari.
  4220 | D:4      | Reached skill level 5 in Shields
  4259 | D:4      | Reached skill level 5 in Armour
  4494 | D:4      | Reached XP level 7. HP: 53/61 MP: 6/6
  4787 | D:4      | Identified a scroll of acquirement
  4787 | D:4      | Acquired a +6 ring of strength
  4790 | D:4      | HP: 3/61 [poisoned by a kobold brigand]
  4792 | D:4      | HP: 1/61 [poisoned by a kobold brigand]
  5206 | D:4      | Reached skill level 5 in Axes
  5816 | D:5      | Entered Level 5 of the Dungeon
  5896 | D:5      | Reached XP level 8. HP: 68/70 MP: 7/7
  5953 | D:5      | Found a shimmering altar of Xom.
  6171 | D:5      | Found a runed translucent gate.
  6210 | D:5      | Found a runed translucent gate.
  6210 | D:5      | Found a runed translucent gate.
  6214 | D:5      | Identified the +2 chain mail of Keqo {Str+2 Dex+9}
  6214 | D:5      | Noticed mdk's ghost (novice DsIE)
  6217 | D:5      | Identified the +4 scale mail "Vyes" {rCorr Int+2 Dex-4}
  6746 | D:6      | Noticed Prince Ribbit
  6762 | D:6      | Killed Prince Ribbit
  6763 | D:6      | Reached skill level 5 in Dodging
  6923 | D:6      | Slain by a gnoll sergeant

Illustrated notes

Levels and vault maps discovered:
D:1:      minmay_arrival_widening_spiral_wide, layout_loops_ring,
          ebering_ecumenical_altar_rust, minmay_misc_feat_tiny,
          minmay_misc_feat_tower
D:2:      layout_basic, uniq_crazy_yiuf_cottage, uniq_natasha
D:3:      layout_loops_corners, nicolae_vehumet_radiance, serial_bayou,
          serial_bayou_pond_d, serial_bayou_pond_b, serial_bayou_shore_a,
          serial_bayou_lake_a, hangedman_abyss_or_decor_lesser_grid,
          wad_orctagon
D:4:      lemuel_castle_with_subvaults [lemuel_castle_interior_carwin_3],
          layout_loops_ring, lemuel_doored_altar, gup_sewer_entry_glass,
          serial_glass, glass_columns_b, glass_columns_c, glass_columns_a,
          glass_columns_b, glass_columns_a, glass_columns_a, glass_columns_a,
          glass_columns_a
D:5:      layout_loops_ring, xom_teletrap_fun, biasface_ghost_orc_armoury,
          dk_rats_in_the_wall
D:6:      layout_rooms, serial_rivers, chequers_serial_rivers_marsh,
          chequers_serial_rivers_micro_e, chequers_serial_rivers_micro_d,
          chequers_serial_rivers_large_a, uniq_duvessa, uniq_prince_ribbit1

Skill      XL: |  1  2  3  4  5  6  7  8 |
---------------+-------------------------+-----
Dodging        | 1 2 3 4 5 |  5.2
Armour         | 4 5 6 |  6.9
Shields        | 4 5 6 7 |  7.0
Fighting       | 4 5 6 7 |  7.0
Axes           | 3 4 5 6 |  6.5

Action                   |  1- 3 |  4- 6 |  7- 9 || total
-------------------------+-------+-------+-------++-------
Melee: War axe           |    97 |   167 |   169 ||   433
       Headbutt          |    10 |    27 |    34 ||    71
  Use: Scroll            |       |     4 |     5 ||     9
       Potion            |       |     4 |     4 ||     8
 Stab: Invisible         |       |       |     1 ||     1
Armor: Scale mail        |    49 |    10 |       ||    59
       Chain mail        |       |    74 |    94 ||   168
Dodge: Dodged            |    38 |    49 |    68 ||   155
Block: Kite shield       |    67 |   119 |   126 ||   312

Table legend: (Time is in decaauts)
 A = Elapsed time spent in this place.
 B = Non-inter-level travel time spent in this place.
 C = Inter-level travel time spent in this place.
 D = Time resting spent in this place.
 E = Time spent auto-exploring this place.
 F = Levels seen in this place.
 G = Mean time per level.
                   A        B        C        D        E       F      G
               +--------+--------+--------+--------+--------+-----+--------+
         Total |   7224 |   7092 |    132 |    439 |   5299 |   6 | 1204.0 |
       Dungeon |   7224 |   7092 |    132 |    439 |   5299 |   6 | 1204.0 |
               +--------+--------+--------+--------+--------+-----+--------+

Top non-repeatable levels by time:
     D:4: 1840 daAuts
     D:3: 1527 daAuts
     D:2: 1443 daAuts
     D:1: 1274 daAuts
     D:5: 874 daAuts
     D:6: 263 daAuts
